 Dungeon Crawl Stone Soup version 0.31-a0-263-ge8cad7f256 (webtiles) character file.

Game seed: 3895734390440302840

229 qw the Shooter (level 5, -1/26 (45) HPs)
             Began as a Minotaur Hexslinger on July 13, 2023.
             Slain by an orc wizard
             ... wielding a +2 dagger of draining
              (3 damage)
             ... on level 4 of the Dungeon.
             The game lasted 00:01:05 (2511 turns).

qw the Shooter (Minotaur Hexslinger)                Turns: 2511, Time: 00:01:05

HP:   -1/26 (45)    AC:  5    Str: 12    XL:     5   Next: 71%
MP:   0/5           EV: 12    Int: 10    God:
Gold: 230           SH:  0    Dex: 15    Spells: 5/6 levels left

rFire   . . .        Y - +1 sling
rCold   . . .        (no shield)
rNeg    . . .        i - +0 leather armour
rPois   .            (helmet restricted)
rElec   .            b - +0 cloak
rCorr   .            k - +0 pair of gloves
SInv    .            (no boots)
Will    .....        g - amulet of guardian spirit
Stlth   +            (no ring)
HPRegen 0.24/turn    (no ring)
MPRegen 0.09/turn

%: guardian spirit
@: very heavily drained
A: horns 2, retaliatory headbutt
a: no special abilities


You were on level 4 of the Dungeon.
You visited 1 branch of the dungeon, and saw 4 of its levels.

You collected 230 gold pieces.


Innate Abilities, Weirdness & Mutations

You have a pair of horns on your head.
You reflexively headbutt those who attack you in melee.


   Skills:
 - Level 3.0 Fighting
 + Level 5.8 Ranged Weapons
 - Level 1.6 Armour
 - Level 2.1 Dodging
 - Level 1.0 Spellcasting
 - Level 2.0 Hexes


You had 5 spell levels left.
You knew the following spells:

 Your Spells              Type           Power      Damage    Failure   Level
a - Slow                  Hex            16%        N/A       19%         1

Your spell library contained the following spells:

 Spells                   Type           Power      Damage    Failure   Level
 Inner Flame              Hex/Fire       2%         N/A       65%         3
 Portal Projectile        Hex/Tloc       4%         N/A       65%         3
 Cause Fear               Hex            2%         N/A       88%         4

Inventory:

Hand Weapons
 Y - a +1 sling (weapon)
Armour
 b - a +0 cloak (worn)
 i - a +0 leather armour (worn)
 k - a +0 pair of gloves (worn)
Jewellery
 c - an amulet of reflection
 g - an amulet of guardian spirit (around neck)
Scrolls
 a - a scroll of teleportation
Potions
 d - a potion of enlightenment {unknown}
 e - a potion of heal wounds {unknown}
 f - a potion of degeneration {unknown}
 h - a potion of might {unknown}
 j - a potion of lignification {unknown}
 l - 3 potions of haste
 m - a potion of curing {unknown}
 n - a potion of berserk rage {unknown}

Dungeon Overview and Level Annotations

Branches:
Dungeon (4/15)
 Temple: D:4-7

Altars:

Annotations:
D:4 Ijyb


Message History

Something hits you but does no damage.
You feel drained.
You shoot a sling bullet. Something hits you.
You feel drained.
You shoot a sling bullet.
You hear some strange, mumbled words.
A puff of flame appears from out of thin air!
The puff of flame misses you.
You shoot a sling bullet. Something hits you but does no damage.
You feel drained.
You shoot a sling bullet. Something hits you but does no damage.
You feel drained.
You shoot a sling bullet. Something hits you but does no damage.
You feel drained.
You shoot a sling bullet.
You feel less confused. Something hits you but does no damage.
You feel drained.
A ball python comes into view.
Something barely misses you.
2505 ||| FLEEEEING.
You shoot a sling bullet. The ball python hisses angrily.
Something hits you.
You feel drained.
2506 ||| FLEEEEING.
You shoot a sling bullet. Something hits you.
You feel drained.
You shoot a sling bullet.
The sling bullet barely misses the ball python.
Something hits you.
You feel drained.
You shoot a sling bullet. The sling bullet hits the ball python!
You kill the ball python!
You hear some strange, mumbled words.
A puff of flame appears from out of thin air!
The puff of flame hits you.
2509 ||| STILL FLEEEEING.
You shoot a sling bullet. Something hits you but does no damage.
You feel drained.
2510 ||| STILL FLEEEEING.
You shoot a sling bullet.
You hear some strange, mumbled words.
A magic dart appears from out of thin air!
The magic dart hits you.
2511 ||| STILL FLEEEEING.
You shoot a sling bullet. Something hits you.
You die...

....... ..#...
......##..#.#
......##... ###....#..#
........#..### ...
#........###########
....#.^...##............
........###.........##<.
.....%.@# #.......###...
......){.##......#####..
..........#.<......#....
).........#..........#..
.....................#..
........................
.)....#..........%...#.[
?)...##..............#..
.##.............


There were no monsters in sight!

Vanquished Creatures
  A scorpion (D:4)
  An iguana (D:4)
  2 orc wizards (D:3)
  2 adders
  2 worms (D:2)
  2 dart slugs
  7 orcs
  2 endoplasms
  2 giant cockroaches
  7 goblins
  4 hobgoblins
  7 kobolds
  2 quokkas
  7 ball pythons
  3 bats
  2 frilled lizards
  9 rats
62 creatures vanquished.

Notes
Turn   | Place    | Note
-------+----------+-------------------------------------------
     0 | D:1      | qw the Minotaur Hexslinger began the quest for the Orb.
     0 | D:1      | Reached XP level 1. HP: 16/16 MP: 1/1
     0 | D:1      | 0 ||| qw: Version: 0.3-a-52-g30416fa
     0 | D:1      | 0 ||| qw: Game counter: 7333
     0 | D:1      | 0 ||| qw: Melee chars always use a shield: true
     0 | D:1      | 0 ||| qw: God list: Okawaru
     0 | D:1      | 0 ||| qw: Allow faded altars: false
     0 | D:1      | 0 ||| qw: Do Orc after clearing Dungeon:15 true
     0 | D:1      | 0 ||| qw: Do second Lair branch before Depths: true
     0 | D:1      | 0 ||| qw: Lair rune preference: random
     0 | D:1      | 0 ||| qw: Goals: Normal
     0 | D:1      | 0 ||| PLANNING D:1-11
   205 | D:1      | Reached skill level 3 in Ranged Weapons
   205 | D:1      | Reached XP level 2. HP: 17/23 MP: 2/2
   425 | D:1      | You fall into a shaft and drop 1 floor!
   520 | D:2      | 520 ||| UPGRADING to amulet of guardian spirit.
   525 | D:2      | 525 ||| READING 2 scrolls labelled PAESOTZ SUOFY.
   528 | D:2      | 528 ||| DROPPING scroll of poison.
   535 | D:2      | 535 ||| FLEEEEING.
   536 | D:2      | 536 ||| STAIRDANCE
   904 | D:2      | Reached XP level 3. HP: 28/29 MP: 3/3
   983 | D:2      | Reached skill level 4 in Ranged Weapons
  1145 | D:2      | Found a faded altar of an unknown god.
  1187 | D:2      | 1187 ||| UPGRADING to +0 cloak.
  1192 | D:2      | 1192 ||| UPGRADING to +0 pair of gloves.
  1197 | D:2      | 1197 ||| READING scroll labelled MEHOTHR RUMEDUA.
  1298 | D:2      | 1298 ||| READING scroll labelled CUKHADWITHAC.
  1299 | D:2      | 1299 ||| READING scroll labelled JOYNATAFYST.
  1300 | D:2      | 1300 ||| DRINKING 2 cyan potions.
  1579 | D:3      | Reached XP level 4. HP: 36/36 MP: 4/4
  1581 | D:3      | 1581 ||| FLEEEEING.
  1582 | D:3      | 1582 ||| FLEEEEING.
  1656 | D:3      | 1656 ||| FLEEEEING.
  1657 | D:3      | 1657 ||| FLEEEEING.
  1658 | D:3      | 1658 ||| FLEEEEING.
  1703 | D:3      | Reached skill level 5 in Ranged Weapons
  1955 | D:3      | Reached skill level 3 in Fighting
  2089 | D:3      | 2089 ||| UPGRADING to +0 leather armour.
  2099 | D:3      | 2099 ||| DROPPING +0 robe.
  2100 | D:3      | 2100 ||| READING scroll labelled LEXEPUCWIRALYL.
  2118 | D:4      | Noticed Ijyb
  2122 | D:4      | 2122 ||| STAIRDANCE
  2178 | D:4      | HP: 9/38 [Ijyb/+4 dagger of freezing (1)]
  2179 | D:4      | 2179 ||| READING 2 scrolls of teleportation.
  2314 | D:4      | Reached skill level 1 in Armour
  2314 | D:4      | Reached XP level 5. HP: 45/45 MP: 5/5
  2320 | D:4      | Identified the +10 plate armour of the Equator {Rampage}
  2505 | D:4      | 2505 ||| FLEEEEING.
  2506 | D:4      | 2506 ||| FLEEEEING.
  2510 | D:4      | HP: 1/26 [something/magic dart (6)]
  2511 | D:4      | Slain by an orc wizard

Levels and vault maps discovered:
D:1:      eino_arrival_druids_welcome, layout_basic
D:2:      layout_rooms, chequers_ecumenical_altar_twisty
D:3:      wad_crossroads, layout_basic
D:4:      minmay_opposing_rooms, layout_cave_pools, uniq_ijyb

Skill      XL: |  1  2  3  4 |
---------------+-------------+-----
Ranged Weapons | 3 4 5 |  5.8
Fighting       | 2 3 |  3.0
Armour         | 1 |  1.6
Dodging        | |  2.1
Spellcasting   | |  1.0
Hexes          | |  2.0

Action                     |  1- 3 |  4- 6 || total
---------------------------+-------+-------++-------
   Fire: Sling             |   113 |   113 ||   226
    Use: Scroll            |     4 |     2 ||     6
         Potion            |     1 |       ||     1
 Armour: Robe              |     4 |     2 ||     6
         Leather armour    |       |    17 ||    17
  Dodge: Dodged            |    14 |    27 ||    41

Table legend:
 A = Non-vault XP
 B = Vault XP
 C = Vault XP percentage of total XP
 D = Non-vault monster count
 E = Vault monster count
 F = Vault count percentage of total count
                 A         B        C        D         E       F
            +---------+---------+-------+---------+---------+-------
      Total |     321 |       7 |   2.1 |      58 |       4 |   6.5
            +---------+---------+-------+---------+---------+-------
        D:1 |      25 |       0 |   0.0 |      16 |       0 |   0.0
        D:2 |      41 |       0 |   0.0 |      15 |       0 |   0.0
        D:3 |     108 |       7 |   6.1 |      15 |       4 |  21.1
        D:4 |     147 |       0 |   0.0 |      12 |       0 |   0.0
            +---------+---------+-------+---------+---------+-------
